 Dungeon Crawl Stone Soup version 0.17.0-23-g0de4337 (webtiles) character file.

1242 AAAAA the Martial Artist (level 8, -3/42 HPs)
             Began as a Vine Stalker Wanderer on Nov 14, 2015.
             Was an Initiate of Gozag.
             Slain by a giant frog (6 damage)
             ... on level 6 of the Dungeon.
             The game lasted 00:13:08 (4739 turns).

AAAAA the Martial Artist (Vine Stalker Wanderer)    Turns: 4739, Time: 00:13:08

Health: -3/42      AC:  4    Str: 15    XL:     8   Next: 49%
Magic:  0/12       EV: 14    Int: 11    God:    Gozag
Gold:   575        SH:  0    Dex: 18    Spells: 0 memorised, 11 levels left

rFire  . . .     SeeInvis .       - Unarmed
rCold  . . .     Clarity  .     D - +1 robe of the Eternal Fruit {+Blink MR+ Int-2 Dex+3}
rNeg   . . .     SustAt   .     (no shield)
rPois  .         Gourm    .     (no helmet)
rElec  .         Spirit   +     (no cloak)
rCorr  .         Warding  .     w - +0 pair of gloves
rMut   .         Stasis   .     (no boots)
MR     ++...                    (no amulet)
Stlth  ++++......               (no ring)
                                z - ring of stealth

@: very resistant to hostile enchantments, stealthy
A: fangs 3, regeneration 2, magic shield, antimagic bite, no device heal 3, rot
immunity
a: Potion Petition, Call Merchant, Bribe Branch, Renounce Religion, Evoke Blink


You were on level 6 of the Dungeon.
You worshipped Gozag.
Gozag was noncommittal.
You were near starving.

You visited 2 branches of the dungeon, and saw 7 of its levels.

You collected 613 gold pieces.
You paid 38 gold pieces to Gozag.

Inventory:

Hand Weapons
 f - a +1 dagger
Missiles
 v - 32 poisoned needles
 B - 27 arrows
Armour
 d - a +0 robe
 q - a +0 leather armour
 w - a +0 pair of gloves (worn)
 D - the +1 robe of the Eternal Fruit (worn) {+Blink MR+ Int-2 Dex+3}
   (You found it on level 4 of the Dungeon)

   It affects your intelligence (-2).
   It affects your dexterity (+3).
   It affects your resistance to hostile enchantments.
   It lets you blink.
Jewellery
 z - a ring of stealth (left hand)
 F - an uncursed ring of protection from magic {unknown}
Scrolls
 c - 4 scrolls of teleportation
 e - a scroll of enchant armour {unknown}
 h - 4 scrolls of recharging
 i - a scroll of random uselessness {unknown}
 j - a scroll of immolation
 k - 2 scrolls of noise
 n - a scroll of magic mapping {unknown}
 p - a scroll of fog
 t - a scroll of enchant weapon
 y - a scroll of amnesia {unknown}
 C - a scroll of remove curse
 E - a scroll of identify {unknown}
Potions
 l - 2 potions of cancellation {unknown}
 o - 4 potions of curing {unknown}
 r - a potion of heal wounds {unknown}
 u - 2 potions of haste {unknown}
 x - a potion of brilliance {unknown}
 A - a potion of flight {unknown}
Books
 a - a book of Changes

   Spells                             Type                      Level
   a - Beastly Appendage              Transmutation                1
   b - Sticks to Snakes               Transmutation                2
   c - Spider Form                    Transmutation/Poison         3
   d - Ice Form                       Ice/Transmutation            4
   e - Blade Hands                    Transmutation                5
 b - the Disquisition on Translocation

   Spells                             Type                      Level
   a - Apportation                    Translocation                1
   b - Teleport Other                 Translocation                3
Comestibles
 g - 3 bread rations
 m - a fruit
 s - 5 meat rations


   Skills:
 + Level 3.8 Fighting
 + Level 3.5 Dodging
 - Level 3.6 Stealth
   Level 1.0 Shields
 - Level 8.0 Unarmed Combat
 - Level 2.1 Spellcasting
   Level 1.0 Transmutations


You had 11 spell levels left.
You didn't know any spells.

Dungeon Overview and Level Annotations

Branches:
Dungeon (6/15)             Temple (1/1) D:4

Altars:
Dithmenos
Elyvilon
Gozag
Okawaru
Qazlal
Ru
Sif Muna
Trog
Vehumet
Xom


Innate Abilities, Weirdness & Mutations

You have razor-sharp teeth.
You heal very quickly.
When hurt, damage is shared between your health and your magic reserves.
Your bite disrupts and absorbs the magic of your enemies.
Potions and wands cannot restore your health.
You are immune to rotting.


Message History

You hit the giant frog but do no damage.
The giant frog is severely wounded.
The giant frog hits you.
You closely miss the giant frog.
The giant frog is severely wounded.
The giant frog hits you!
* * * LOW HITPOINT WARNING * * *
You closely miss the giant frog.
The giant frog is severely wounded.
The giant frog closely misses you. The giant frog hits you.
* * * LOW HITPOINT WARNING * * *
The giant frog hits you.
* * * LOW HITPOINT WARNING * * *
The giant frog closely misses you.
The giant frog hits you but does no damage.
The giant frog hits you.
* * * LOW HITPOINT WARNING * * *
The giant frog hits you!
You die...
Your body crumbles into a pile of gold.

#(# #.# #.# #.#
#.# #.# # #.#
##### .#
#####.####...##.#
#....$@FFFO#....#
#..#######....###
##..# ##.#.#
#####...# #.#.#
.....$#.#
######.#.#
####....#
#........# #.##.#
#.####.### #! #.#
#.###...#### #.
#.###..(.......#


You could see a two-headed ogre and 3 giant frogs.

Vanquished Creatures
  2 ice beasts (D:5)
  2 phantoms
  4 ogres
  2 crimson imps (D:5)
  5 orc priests
  2 orc wizards (D:5)
  A worker ant (D:5)
  A hound zombie (D:5)
  10 adders
  An ooze (D:1)
  3 worms
  22 orcs
  5 hobgoblins
  7 jackals
  A ball python (D:4)
  4 bats
  6 giant cockroaches
  2 giant geckos
  A giant newt (D:5)
  8 goblins
  6 kobolds
  4 quokkas
  A quokka skeleton (D:4)
  11 rats
111 creatures vanquished.

Notes
Turn   | Place    | Note
--------------------------------------------------------------
     0 | D:1      | AAAAA the Vine Stalker Wanderer began the quest for the Orb.
     0 | D:1      | AAAAA set off with: a book of Changes, the Disquisition on Translocation, a scroll of teleportation, a +0 robe, a +0 club, a +0 dagger, a bread ration
     0 | D:1      | Reached XP level 1. HP: 10/10 MP: 4/4
     0 | D:1      | Identified the Disquisition on Translocation
   282 | D:1      | Reached XP level 2. HP: 8/14 MP: 6/6
  1469 | D:2      | Reached XP level 3. HP: 18/18 MP: 7/7
  1829 | D:2      | Reached XP level 4. HP: 12/22 MP: 8/8
  1952 | D:2      | Reached skill level 4 in Unarmed Combat
  2580 | D:3      | Reached XP level 5. HP: 19/25 MP: 9/9
  2586 | D:3      | Reached skill level 5 in Unarmed Combat
  2651 | D:3      | Found a shadowy altar of Dithmenos.
  2652 | D:3      | Found a deep blue altar of Sif Muna.
  2661 | D:3      | Found a shimmering altar of Xom.
  2662 | D:3      | Found a white marble altar of Elyvilon.
  2666 | D:3      | Found a sacrificial altar of Ru.
  2762 | D:3      | Found an opulent altar of Gozag.
  2781 | D:3      | Became a worshipper of Gozag Ym Sagoz the Greedy
  2978 | D:4      | Got a ripped robe
  2989 | D:4      | Identified the +1 robe of the Eternal Fruit {+Blink MR+ Int-2 Dex+3} (You found it on level 4 of the Dungeon)
  3037 | D:4      | Noticed an ogre
  3125 | D:4      | Killed an ogre
  3125 | D:4      | Reached skill level 6 in Unarmed Combat
  3125 | D:4      | Gained mutation: You heal very quickly. [Vine Stalker growth]
  3125 | D:4      | Reached XP level 6. HP: 30/30 MP: 10/10
  3213 | D:4      | Noticed a phantom
  3252 | D:4      | Killed a phantom
  3264 | D:4      | Noticed an ogre
  3394 | D:4      | Killed an ogre
  3394 | D:4      | Reached skill level 7 in Unarmed Combat
  3394 | D:4      | Reached XP level 7. HP: 30/33 MP: 8/11
  3595 | D:4      | Found a staircase to the Ecumenical Temple.
  3609 | Temple   | Entered the Ecumenical Temple
  3795 | D:5      | Entered Level 5 of the Dungeon
  3910 | D:5      | Reached skill level 8 in Unarmed Combat
  4191 | D:5      | Gained mutation: You have razor-sharp teeth. [Vine Stalker growth]
  4191 | D:5      | Reached XP level 8. HP: 7/39 MP: 2/12
  4671 | D:6      | Noticed a two-headed ogre
  4738 | D:6      | HP: 2/42 [giant frog (4)]
  4739 | D:6      | Slain by a giant frog

Action                   |  1- 3 |  4- 6 |  7- 9 || total
-------------------------+-------+-------+-------++-------
Melee: Club              |    60 |       |       ||    60
       Unarmed           |    65 |   180 |   155 ||   400
Invok: Potion Petition   |       |       |     1 ||     1
  Use: Scroll            |       |     2 |     4 ||     6
 Stab: Sleeping          |     5 |     5 |     8 ||    18
  Eat: Chunk             |     3 |     4 |       ||     7
       Fruit             |       |       |     3 ||     3
       Pizza             |       |       |     1 ||     1
